 Dungeon Crawl Stone Soup version 0.24.0-13-gcf9b3192b9 (webtiles) character file.

Game seed: 2498835005387911837, levelgen mode: deterministic

1008 Arum the Slasher (level 8, -3/70 HPs)
             Began as a Green Draconian Gladiator on Nov 9, 2019.
             Slain by an elf skeleton (6 damage)
             ... on level 6 of the Dungeon.
             The game lasted 00:06:25 (4469 turns).

Arum the Slasher (Green Draconian Gladiator)        Turns: 4469, Time: 00:06:26

Health: -3/70      AC:  6    Str: 18    XL:     8   Next: 1%
Magic:  8/8        EV: 15    Int:  9    God:
Gold:   287        SH:  0    Dex: 13    Spells: 7/7 levels left

rFire    + . .     SeeInvis .   a - +0 long sword
rCold    + . .     Gourm    .   (no shield)
rNeg     . . .     Faith    .   (armour unavailable)
rPois    +         Spirit   .   b - +0 hat
rElec    .         Reflect  .   v - scarf {rC+ rF+}
rCorr    .         Harm     .   (no gloves)
MR       .....                  (no boots)
Stlth    +.........             (no amulet)
HPRegen  0.21/turn              f - ring of flight
MPRegen  0.11/turn              (no ring)

@: no status effects
A: breathe noxious fumes, unfitting armour, poison resistance, cold-blooded, AC
+6
a: Breathe Noxious Fumes, Evoke Flight


You were on level 6 of the Dungeon.
You were not hungry.

You visited 1 branch of the dungeon, and saw 6 of its levels.

You collected 287 gold pieces.

Inventory:

Hand Weapons
 a - a +0 long sword (weapon)
Missiles
 c - 5 throwing nets (quivered)
 l - 35 poisoned darts
Armour
 b - a +0 hat (worn)
 r - a +0 shield
 v - a scarf of resistance (worn)
Jewellery
 f - a ring of flight (left hand)
Wands
 n - a wand of disintegration (9)
 o - a wand of polymorph (10)
 w - a wand of paralysis (5)
 E - a wand of flame (34)
Scrolls
 g - 2 scrolls of teleportation {unknown}
 h - 2 scrolls of immolation {unknown}
 i - 2 scrolls of remove curse {unknown}
 p - 8 scrolls of identify {unknown}
 s - 3 scrolls of enchant weapon {unknown}
 t - a scroll of blinking {unknown}
 u - a scroll of amnesia
 y - a scroll of magic mapping
 D - a scroll of fog {unknown}
Potions
 e - a potion of brilliance {unknown}
 j - a potion of berserk rage {unknown}
 k - 3 potions of curing
 m - a potion of lignification {unknown}
 q - a potion of invisibility {unknown}
 x - a potion of might {unknown}
 z - a potion of mutation {unknown}
 C - a potion of flight {unknown}
Comestibles
 d - 10 rations


   Skills:
 + Level 6.1 Fighting
 + Level 6.1 Long Blades
 - Level 1.7 Throwing
 + Level 5.5 Dodging


You had 7 spell levels left.
You didn't know any spells.
Your spell library contained the following spells:

 Spells                   Type           Power        Failure   Level  Hunger
 Beastly Appendage        Tmut           #.....       38%         1    ##.....
 Magic Dart               Conj           #...         38%         1    ##.....
 Blink                    Tloc           N/A          52%         2    ###....
 Call Imp                 Summ           #.......     52%         2    ###....
 Slow                     Hex            #.......     52%         2    ###....
 Sticks to Snakes         Tmut           #.......     52%         2    ###....
 Conjure Flame            Conj/Fire      #.......     77%         3    ####...
 Mephitic Cloud           Conj/Pois/Air  #.......     77%         3    ####...
 Spider Form              Tmut/Pois      #.........   77%         3    ####...
 Ice Form                 Ice/Tmut       #.......     99%         4    #####..
 Blade Hands              Tmut           #.........   100%        5    ######.


Dungeon Overview and Level Annotations

Branches:
Dungeon (6/15)
 Temple: D:4-7

Altars:
Cheibriados
Elyvilon
Nemelex Xobeh
Zin


Innate Abilities, Weirdness & Mutations

You can breathe blasts of noxious fumes.
Your lurid green scales are hard. (AC +6)
You cannot fit into any form of body armour.
Your system is resistant to poisons. (rPois)
You are cold-blooded and may be slowed by cold attacks.


Message History

You barely miss the elf skeleton.
The elf skeleton is severely damaged.
The elf skeleton closely misses you.
You completely miss the elf skeleton.
The elf skeleton is severely damaged.
The elf skeleton hits you.
* * * LOW HITPOINT WARNING * * *
You closely miss the elf skeleton.
The elf skeleton is severely damaged.
The elf skeleton closely misses you.
You barely miss the elf skeleton.
The elf skeleton is severely damaged.
The elf skeleton closely misses you.
You slash the elf skeleton!
You tail-slap the elf skeleton, but do no damage.
The elf skeleton is almost destroyed.
You hit the elf skeleton.
The elf skeleton is almost destroyed.
The elf skeleton hits you.
You die...

**,,,,* **,,*,,**
*,,,*,,,** ,,,,,,,,,*
**,,,,,,** ,**,**,**
,*,,,,,,* #####
,,,,,,,,** #...#
,,,*,*#,,* #.#@#******
**,#..#.,* #.#Z#,*,+,*
,*,*....#### #.#.#+*+***
,*,,,......###.#.+,,,+∩*
,,,,,#.....#...###,,,***
,,,**#...#....##,+,,,+,*
,,,* *#..#....##**+*+***
,,** ###.#.....#,+,*,+,*
.** ##.........#********


You could see an elf skeleton.

Vanquished Creatures
  A centaur (D:6)
  2 ogres (D:4)
  A bullfrog (D:6)
  A scorpion (D:6)
  2 crimson imps
  A hound (D:6)
  3 orc priests
  An iguana (D:4)
  2 orc wizards
  Natasha (twice) (D:2)
  5 worker ants
  9 adders
  4 gnolls
  An adder skeleton (D:4)
  3 dart slugs
  5 leopard geckos
  11 orcs
  10 bats
  4 giant cockroaches
  7 hobgoblins
  2 jackals (D:2)
  4 quokkas
  5 ball pythons
  5 frilled lizards
  9 goblins
  8 kobolds
  A leopard gecko skeleton (D:4)
  A quokka skeleton (D:4)
  7 rats
117 creatures vanquished.

Vanquished Creatures (others)
  A giant cockroach (D:3)
1 creature vanquished.

Grand Total: 118 creatures vanquished

Notes
Turn   | Place    | Note
-------+----------+-------------------------------------------
     0 | D:1      | Arum the Draconian Gladiator began the quest for the Orb.
     0 | D:1      | Reached XP level 1. HP: 17/17 MP: 1/1
   113 | D:1      | Reached XP level 2. HP: 25/25 MP: 2/2
   981 | D:2      | Reached XP level 3. HP: 22/30 MP: 3/3
  1300 | D:2      | Reached XP level 4. HP: 13/38 MP: 4/4
  1642 | D:2      | Noticed Natasha
  1644 | D:2      | Killed Natasha
  1772 | D:2      | Noticed Natasha
  1781 | D:2      | Killed Natasha
  1781 | D:2      | Reached XP level 5. HP: 33/46 MP: 5/5
  2101 | D:3      | Found a sparkling altar of Nemelex Xobeh.
  2207 | D:3      | Found a white marble altar of Elyvilon.
  2356 | D:3      | Found a faded altar of an unknown god.
  2521 | D:3      | Found a snail-covered altar of Cheibriados.
  2825 | D:4      | Noticed an ogre
  2829 | D:4      | Killed an ogre
  2829 | D:4      | Reached XP level 6. HP: 32/53 MP: 6/6
  3164 | D:4      | Reached skill level 5 in Long Blades
  3489 | D:5      | Entered Level 5 of the Dungeon
  3523 | D:4      | Reached skill level 5 in Fighting
  3531 | D:4      | Your scales start taking on a lurid green colour.
  3531 | D:4      | Reached XP level 7. HP: 53/61 MP: 7/7
  3531 | D:4      | Gained mutation: Your system is resistant to poisons.
                  | (rPois) [Green Draconian growth]
  3578 | D:5      | Found a glowing silver altar of Zin.
  3679 | D:5      | Reached skill level 5 in Dodging
  4265 | D:6      | HP: 3/62 [scorpion (3)]
  4401 | D:6      | Reached XP level 8. HP: 8/70 MP: 8/8
  4465 | D:6      | HP: 2/70 [elf skeleton (5)]
  4469 | D:6      | Slain by an elf skeleton

Levels and vault maps discovered:
D:1:      roderic_chinese_lattice_arrival, layout_basic, minmay_ruptured
D:2:      minmay_spotlight, layout_basic, first_ration, uniq_natasha
D:3:      layout_basic, elyvilon_altar_4, lemuel_doored_altar,
          nemelex_xobeh_ov_fountains_minmay, chequers_ecumenical_altar_island
D:4:      layout_rooms, minmay_misc_feat_nine_boxes
D:5:      layout_cave_pools, old_standard_altar
D:6:      layout_cave_pools, lemuel_zombie_altar_yredelemnul,
          nicolae_ossuary_entry_catacombs, minmay_manual_mares, uniq_duvessa

Skill      XL: |  1  2  3  4  5  6  7 |
---------------+----------------------+-----
Dodging        | 3 4 5 |  5.5
Fighting       | 3 4 5 6 |  6.1
Long Blades    | 4 5 6 |  6.1
Throwing       | |  1.7

Action                   |  1- 3 |  4- 6 |  7- 9 || total
-------------------------+-------+-------+-------++-------
Melee: Long sword        |    77 |   162 |   106 ||   345
       Tailslap          |    10 |    25 |    23 ||    58
 Abil: Breathe Noxious F |       |       |     1 ||     1
Evoke: Wand              |       |     6 |       ||     6
  Use: Potion            |       |       |     4 ||     4
       Scroll            |       |       |     3 ||     3
 Stab: Distracted        |     1 |       |       ||     1
       Sleeping          |     1 |       |       ||     1
       Paralysed         |       |     4 |       ||     4
  Eat: Chunk             |     1 |     7 |     4 ||    12
Armor: Skin              |    25 |    37 |    36 ||    98
Dodge: Dodged            |    72 |   156 |    93 ||   321
       Rpst.: Long sword |    20 |    52 |    27 ||    99
